 Dungeon Crawl Stone Soup version 0.17-a0-1760-ga6756ae (webtiles) character file.

1452726 Redz the Acrobat (level 27, 171/176 HPs)
             Began as a Kobold Summoner on Aug 29, 2015.
             Was the Champion of Okawaru.
             Escaped with the Orb
             ... and 3 runes on Sept 2, 2015!
             The game lasted 19:30:37 (101156 turns).

Redz the Acrobat (Kobold Summoner)                Turns: 101156, Time: 19:30:37

Health: 171/176    AC: 24    Str: 13      XL:     27
Magic:  44/46      EV: 33    Int: 27 (30) God:    Okawaru [******]
Gold:   7733       SH:  0    Dex: 17 (18) Spells: 12 memorised, 7 levels left

rFire  + . .     SeeInvis .     a - +6 arbalest of Gluttony {freeze, MR- MP+9 Str+3}
rCold  + . .     Clarity  +     C - +4 troll leather armour
rNeg   + + +     SustAt   .     (shield restricted)
rPois  +         Gourm    .     F - +2 hat {Int+3}
rElec  .         Spirit   .     S - +2 cloak {rPois}
rCorr  .         Warding  .     f - +2 pair of gloves {archery}
rMut   .         Stasis   .     d - +2 pair of boots of Dishonour {rC+ rN+++ MP-9 Int+3}
MR     +++..                    e - amulet of clarity
Stlth  +++.......               g - ring of the Mage {Wiz MR++ Int+3}
                                y - ring of protection from fire

@: studying Dodging, extremely resistant to hostile enchantments, fairly
stealthy
A: carnivore 3
a: Heroism, Finesse, Renounce Religion
0: Orb of Zot
}: 3/15 runes: decaying, serpentine, silver


You escaped.
You worshipped Okawaru.
Okawaru was exalted by your worship.
You were not hungry.

You visited 12 branches of the dungeon, and saw 59 of its levels.
You visited 1 ziggurat, and saw 13 of its levels.
You also visited: Ice Cave and Wizlab.

You collected 9943 gold pieces.
You spent 2210 gold pieces at shops.

Inventory:

Hand weapons
 a - the +6 arbalest of Gluttony (weapon) {freeze, MR- MP+9 Str+3}
   (You bought it in a shop on level 11 of the Dungeon)

   It causes projectiles fired from it to freeze those they strike, causing
   extra injury to most foes and up to half again as much damage against
   particularly susceptible opponents.
   They can also slow down cold-blooded creatures.
   It affects your strength (+3).
   It affects your resistance to hostile enchantments.
   It affects your magic capacity (+9).
 x - the +10 hand axe of Trauma {venom, rF+}
   (You found it on level 6 of the Dungeon)

   It poisons the flesh of those it strikes.
   It protects you from fire.
 A - the +6 falchion "Cyhoom" {slice, rElec rPois rC- SInv}
   (You took it off a deep elf demonologist on level 3 of the Elven Halls)

   It inflicts extra damage upon your enemies.
   It makes you vulnerable to cold.
   It insulates you from electricity.
   It protects you from poison.
   It lets you see invisible.
Missiles
 h - 88 silver bolts
 m - 759 bolts (quivered)
 q - 96 steel bolts
 I - 150 bolts of penetration
 P - 124 poisoned bolts
 Z - 201 bolts of flame
Armour
 d - the +2 pair of boots of Dishonour (worn) {rC+ rN+++ MP-9 Int+3}
   (Okawaru gifted it to you on level 3 of the Depths)

   It affects your intelligence (+3).
   It protects you from cold.
   It renders you almost immune to negative energy.
   It affects your magic capacity (-9).
 f - a +2 pair of gloves of archery (worn)
 B - a +2 pair of boots of flying
 C - a +4 troll leather armour (worn)
 F - a +2 hat of intelligence (worn)
 S - a +2 cloak of poison resistance (worn)
Jewellery
 e - an amulet of clarity (around neck)
 g - the ring of the Mage (right hand) {Wiz MR++ Int+3}
   (You took it off a salamander stormcaller on level 5 of the Vaults)

   [ring of wizardry]

   It improves your spell success rate.
   It affects your intelligence (+3).
   It affects your resistance to hostile enchantments.
 y - a ring of protection from fire (left hand)
 T - the ring "Fettaryl" {Str+2 SInv Stlth+}
   (You took it off a death knight on level 3 of the Crypt)

   [ring of strength]

   It affects your strength (+2).
   It lets you see invisible.
   It makes you more stealthy.
 Y - the ring "Jurghaw" {rC+ MR+ Dex+3}
   (You took it off a deep elf sorcerer on level 3 of the Elven Halls)

   [ring of protection from magic]

   It affects your dexterity (+3).
   It protects you from cold.
   It affects your resistance to hostile enchantments.
Magical devices
 p - a wand of teleportation (8)
 u - a wand of digging (15)
 z - a wand of heal wounds (5)
 M - a wand of disintegration (7)
Scrolls
 n - 7 scrolls of teleportation
 o - 18 scrolls of remove curse
 r - 21 scrolls of identify
 v - 15 scrolls of fog
 D - 3 scrolls of recharging
 J - 4 scrolls of amnesia
 N - 10 scrolls of magic mapping
 Q - 2 scrolls of immolation
 U - 3 scrolls of holy word
 V - 7 scrolls of blinking
 W - a scroll of fear
Potions
 i - 10 potions of heal wounds
 k - 5 potions of resistance
 s - 3 potions of haste
 t - 4 potions of brilliance
 w - 5 potions of agility
 E - 6 potions of might
 H - 12 potions of curing
 K - 5 potions of invisibility
 R - a potion of cure mutation
 X - 2 potions of magic
Books
 G - a Grand Grimoire

   Spells                             Type                      Level
   a - Monstrous Menagerie            Summoning                    6
   b - Summon Greater Demon           Summoning                    7
   c - Malign Gateway                 Summoning/Translocation      7
   d - Summon Horrible Things         Summoning                    8
 L - a manual of Dodging
Comestibles
 c - 11 meat rations
 j - 14 beef jerkies


   Skills:
 + Level 18.9 Fighting
 + Level 21.8 Crossbows
 + Level 15.9 Armour
 + Level 23.0 Dodging
 + Level 15.9 Stealth
 + Level 19.2 Spellcasting
 - Level 1.0 Hexes
 + Level 22.0 Summonings
 - Level 12.0 Translocations


You had 7 spell levels left.
You knew the following spells:

 Your Spells              Type           Power        Failure   Level  Hunger
a - Call Canine Familiar  Summ           #######.     0%          3    None
b - Apportation           Tloc           ######....   0%          1    None
c - Summon Hydra          Summ           #######...   1%          7    ####...
d - Summon Guardian Gole  Hex/Summ       ######..     1%          3    None
e - Summon Forest         Summ/Tloc      #######...   1%          5    None
f - Passage of Golubria   Tloc           N/A          1%          4    None
g - Summon Mana Viper     Hex/Summ       ######..     1%          5    None
i - Aura of Abjuration    Summ           #######...   0%          5    None
j - Summon Horrible Thin  Summ           #######...   1%          8    ######.
s - Portal Projectile     Tloc           ######       1%          3    None
w - Monstrous Menagerie   Summ           #######...   1%          6    ##.....
z - Malign Gateway        Summ/Tloc      #######...   1%          7    ####...


Dungeon Overview and Level Annotations

Branches:
Dungeon (15/15)            Temple (1/1) D:7            Lair (8/8) D:8
  Swamp (4/4) Lair:6        Snake (4/4) Lair:3        Slime (0/6) Lair:7
    Orc (4/4) D:9             Elf (3/3) Orc:4        Vaults (5/5) D:13
  Crypt (3/3) Vaults:3       Tomb (2/3) Crypt:3      Depths (5/5) D:15
    Zot (5/5) Depths:5

Altars:
Ashenzari
Cheibriados
Dithmenos
Elyvilon
Fedhas
Gozag
Kikubaaqudgha
Makhleb
Nemelex Xobeh
Okawaru
Qazlal
Ru
Sif Muna
Trog
Vehumet
Xom
Yredelemnul
Zin
The Shining One
Beogh
Jiyva

Shops:
D:6 :   D:11 }!(([   D:12 *   D:14 *   Orc:4 [*:(   Elf:3 ?%=(:[   Vaults:2 !

Portals:
Hell: Depths:1 Depths:2 Depths:3 Depths:4 Depths:5
Abyss: Depths:4 Depths:5
Pandemonium: Depths:3
Trove: Depths:2 (give 19 potions of curing)


Innate Abilities, Weirdness & Mutations

You are small and have problems with some larger weapons.
You are carnivorous and can eat meat at any time.


Message History

Okawaru accepts your kill.
Drink which item? (? for menu, Esc to quit)
It has a very clean taste.
Your system mostly accepts artificial healing.
Your system completely accepts artificial healing.
You regain control of your magic.
You feel a little healthier.
Drink which item? (? for menu, Esc to quit)
It has a very clean taste.
You feel healthier.
Your tentacled monstrosity disappears in a puff of smoke!
Drink which item? (? for menu, Esc to quit)
Okay, then.
Casting: Summon Guardian Golem
Confirm with . or Enter, or press ? or * to list all spells.
Aiming: Passage of Golubria
Press: ? - help, Dir - move target cursor You enter the passage of Golubria.
There is a passage of Golubria here.
There is a staircase leading out of the dungeon here.
You have escaped!

######### #...#...# ###
#.#.#.#.# #.# ####.#.####
#.# #.....^..[# #.###
#.##...##.# #...#
#..#...#@.# #.#.#
#####...#### #####.#.#
#...#..#########.....#.###
#.#.#.>.8.................
#.#.#...########....#...##
#.#.#........########...##
#.#.##.......'........8...
#.#.####(....########...##
#.#.# #.....# #...##


There were no monsters in sight!

Vanquished Creatures
  An ancient lich (Zig:7)
  2 orbs of fire (Zot:5)
  Boris (Crypt:1)
  Vashnia (Snake:2)
  2 curse toes
  4 golden dragons
  A Killer Klown (Zot:5)
  the Enchantress (Depths:3)
  3 liches
  A hellephant (Zig:12)
  2 electric golems
  11 tentacled monstrosities
  8 Orb Guardians (Zot:5)
  A quicksilver dragon (Vaults:5)
  4 titans (Zot:3)
  A deep elf blademaster (Elf:3)
  A deep elf master archer (Vaults:2)
  An eldritch tentacle (Depths:2)
  4 death cobs
  3 shadow dragons
  An ancient champion (Crypt:3)
  2 revenants
  8 storm dragons
  A draconian monk (Zot:4)
  2 greater nagas (Snake:4)
  Donald (Swamp:1)
  4 frost giants
  An iron dragon (Vaults:5)
  A balrug (Zot:4)
  3 tengu reavers
  6 vault wardens
  8 fire giants
  2 draconian scorchers
  5 draconian zealots
  7 deep elf sorcerers
  An orc warlord (Orc:3)
  4 ghouls
  A draconian shifter (Zot:1)
  A reaper (Crypt:3)
  A draconian annihilator (Zot:4)
  2 spriggan defenders
  8 very ugly things
  A war gargoyle (Vaults:5)
  4 vampire knights
  8 ironheart preservers
  13 stone giants
  6 green draconians
  7 deep elf demonologists
  7 black draconians
  2 draconian callers (Zot:1)
  4 purple draconians
  A yellow draconian (Zot:3)
  Azrael (D:13)
  2 salamander stormcallers
  5 deep elf annihilators
  2 white draconians
  A red draconian (Zot:4)
  4 mottled draconians
  A yellow draconian (shapeshifter) (Zot:4)
  13 ettins
  9 deep elf death magi
  An eidolon (Crypt:3)
  A crystal guardian (Vaults:3)
  A mummy priest (Tomb:1)
  8 great orbs of eyes
  18 fire dragons
  A deep elf high priest (Depths:5)
  6 vault guards
  3 jiangshi
  4 rakshasas (Depths:2)
  10 yaktaur captains
  2 entropy weavers
  6 hydras
  10 naga warriors
  5 ice dragons
  4 statues (WizLab)
  A spectral stone giant (Crypt:3)
  2 anacondas
  5 dancing weapons (Elf:2)
  4 vampire magi
  A catoblepas (Zig:13)
  3 death knights
  16 ogre magi
  5 centaur warriors
  3 alligators
  A death yak (Lair:6)
  7 tengu warriors
  4 deep troll earth magi
  9 deep troll shamans
  A spriggan berserker (Depths:2)
  6 naga sharpshooters
  A spectral dire elephant (Crypt:3)
  An orc high priest (Elf:1)
  16 slime creatures
  8 spriggans
  5 deep elf knights
  A soul eater (Crypt:3)
  A fire crab (Vaults:2)
  A wretched star (Zig:12)
  11 skeletal warriors
  3 wizards
  2 hell knights
  An ice devil (IceCv)
  5 swamp dragons
  An anaconda zombie (Crypt:3)
  An iron troll (Depths:2)
  3 giant orange brains
  A spriggan druid (Swamp:4)
  7 flayed ghosts
  A golden dragon zombie (Crypt:2)
  A mana viper (shapeshifter) (Depths:2)
  2 unseen horrors (D:14)
  4 naga ritualists
  An anubis guard (shapeshifter) (Vaults:5)
  11 deep trolls
  3 deep elf summoners
  13 ironbrand convokers
  6 shadow wraiths (Crypt:3)
  2 phantasmal warriors
  5 necromancers
  A shambling mangrove (Swamp:4)
  17 deep elf conjurers
  4 hill giants
  5 orc knights
  2 manticores (shapeshifter)
  5 cyclopes
  3 orc sorcerers
  2 anubis guards (Tomb:1)
  20 ugly things
  5 hornets
  A fire giant zombie (Crypt:1)
  4 mana vipers
  A rust devil (Zig:1)
  4 griffons
  9 salamanders
  3 wolf spiders
  A frost giant zombie (Tomb:1)
  2 orb spiders (Zig:10)
  A frost giant skeleton (Crypt:1)
  A dire elephant zombie (Tomb:1)
  16 moths of wrath
  8 vault sentinels
  A guardian serpent (shapeshifter) (Depths:5)
  A guardian serpent (Snake:1)
  13 naga magi
  An elephant (shapeshifter) (Vaults:5)
  2 elephants
  A smoke demon (Zig:12)
  16 spiny frogs
  A large abomination (Zig:12)
  An elephant slug zombie (Crypt:2)
  35 yaktaurs
  4 fire drakes
  3 komodo dragons
  27 black mambas
  3 kobold demonologists
  A demonic crawler (Zig:10)
  A pale draconian skeleton (Crypt:3)
  2 trolls
  A wolf spider (shapeshifter) (Vaults:5)
  8 guardian mummies
  2 polar bears
  10 freezing wraiths
  3 tengu conjurers
  An entropy weaver zombie (Crypt:1)
  6 deep elf priests
  2 yaktaurs (shapeshifter)
  A jumping spider (Depths:3)
  A queen bee (D:14)
  2 blue devils
  An iron troll skeleton (Crypt:1)
  4 giant leeches
  15 two-headed ogres
  A raiju (shapeshifter) (Depths:2)
  A boulder beetle (Lair:4)
  A wind drake (shapeshifter) (Depths:1)
  2 raiju
  13 blink frogs
  A stone giant simulacrum (Vaults:1)
  An ice dragon zombie (Crypt:1)
  4 bog bodies
  A two-headed ogre (shapeshifter) (Depths:3)
  An ettin zombie (Zig:1)
  A slime creature (shapeshifter) (Depths:3)
  A trapdoor spider (D:11)
  6 wraiths
  11 shadows
  8 redbacks
  A fire dragon skeleton (Crypt:1)
  14 flying skulls
  27 deep elf magi
  An orc simulacrum (Vaults:2)
  A tarantella (Depths:5)
  23 yaks
  A basilisk (D:12)
  6 hungry ghosts
  A fire bat (shapeshifter) (Vaults:2)
  A basilisk (shapeshifter) (Depths:2)
  A fire elemental (D:13)
  7 hippogriffs
  A wyvern (D:11)
  A chaos spawn (Zig:12)
  3 hogs (Swamp:1)
  21 deep elf fighters
  A mottled dragon (D:11)
  A neqoxec (Zig:12)
  7 swamp worms
  19 wolves
  26 vampire mosquitoes
  4 insubstantial wisps
  46 nagas
  3 hell hounds (D:13)
  A soldier ant (D:10)
  5 wargs
  An eye of draining (shapeshifter) (Vaults:4)
  8 ice beasts
  A black bear (D:9)
  27 orc warriors
  11 water moccasins
  4 eyes of draining
  A black bear (shapeshifter) (Vaults:5)
  7 necrophages
  4 sky beasts
  5 swamp drakes
  10 wasps
  A spiny frog skeleton (Crypt:3)
  53 ogres
  8 porcupines
  14 boggarts
  An ogre (shapeshifter) (Elf:3)
  14 crocodiles
  A swamp dragon skeleton (Crypt:3)
  13 centaurs
  2 big kobolds
  A centaur (shapeshifter) (Depths:2)
  A dryad zombie (Crypt:3)
  A brain worm (D:14)
  A spider zombie (Crypt:1)
  A wyvern zombie (D:13)
  A komodo dragon skeleton (Crypt:2)
  19 giant frogs
  A cyclops skeleton (Crypt:3)
  A scorpion (D:4)
  6 wights
  9 killer bees
  An electric eel (Lair:6)
  8 crimson imps
  2 giant frog zombies
  A centaur zombie (D:6)
  A wasp zombie (D:14)
  A quasit (D:11)
  2 starcursed masses (Zig:12)
  A basilisk zombie (Crypt:1)
  8 hounds
  4 giant frog skeletons
  14 orc priests
  Ijyb (D:3)
  12 jellies
  14 orc wizards
  4 centaur skeletons
  8 iguanas
  21 sheep
  9 worker ants
  21 mummies
  6 gnolls
  14 adders
  143 river rats
  6 shadow imps
  4 white imps
  2 ufetubi (IceCv)
  2 adder skeletons
  2 adder zombies
  7 worms
  5 giant geckos
  133 orcs
  5 bats
  4 giant cockroaches
  3 hobgoblins
  3 jackals
  3 ball pythons
  2 giant cockroach zombies
  A giant gecko zombie (D:7)
  4 giant newts
  A giant newt skeleton (Crypt:1)
  11 goblins
  15 kobolds
  4 quokkas
  2 quokka skeletons
  8 rats
  A fire vortex (Vaults:4)
  7 fungi
  3 lost souls
  2 plants (Lair:3)
  A snaplasher vine (Zot:5)
1806 creatures vanquished.

Vanquished Creatures (collateral kills)
  5 ancient liches (Zot:5)
  6 orbs of fire
  Mara (Depths:3)
  A juggernaut (Depths:2)
  4 greater mummies (Tomb:1)
  Sojobo (Depths:1)
  the Lernaean hydra (Swamp:4)
  Saint Roka (Elf:3)
  3 Killer Klowns
  4 caustic shrikes
  A curse toe (Zot:1)
  Nikola (Swamp:1)
  4 golden dragons
  Jory (Depths:3)
  2 hellephants (Zig:13)
  Jorgrun (Vaults:2)
  3 electric golems
  7 liches
  11 tentacled monstrosities
  17 Orb Guardians
  An Ice Fiend (IceCv)
  12 titans
  Asterion (Vaults:2)
  3 deep elf master archers
  2 quicksilver dragons
  5 death cobs
  An eldritch tentacle (Zot:1)
  An ancient champion (Tomb:1)
  Kirke (Swamp:1)
  8 sphinxes
  8 shadow dragons
  16 storm dragons
  4 draconian monks
  5 fire giants
  A thorn hunter (Swamp:1)
  An azure jelly (Zot:5)
  4 revenants
  A daeva (Zig:12)
  4 greater nagas (Snake:4)
  3 tengu reavers
  11 draconian knights
  13 vault wardens
  5 deep elf sorcerers
  7 frost giants
  Maud (Lair:8)
  7 draconian scorchers
  4 ghost moths
  An iron dragon (Vaults:5)
  Louise (D:15)
  A caustic shrike zombie (Depths:3)
  4 curse skulls
  2 balrugs
  2 draconian shifters
  6 draconian zealots
  15 ironheart preservers
  4 ghouls
  6 spriggan defenders
  12 stone giants
  5 vampire knights
  6 draconian annihilators
  2 war gargoyles (Vaults:5)
  4 green draconians
  14 very ugly things
  3 draconian callers
  A reaper (Depths:2)
  5 deep elf demonologists
  9 red draconians
  9 yellow draconians
  5 white draconians
  13 black draconians
  2 salamander stormcallers
  16 purple draconians
  7 deep elf annihilators
  2 dire elephants
  A black draconian (shapeshifter) (Zot:4)
  2 bennus (Tomb:1)
  5 mottled draconians
  2 pale draconians (Depths:5)
  4 eidola
  A merfolk javelineer (Zig:3)
  8 ettins
  A merfolk impaler (Zig:3)
  5 mummy priests (Tomb:1)
  2 crystal guardians (Zot:4)
  11 deep elf death magi
  34 vault guards
  4 great orbs of eyes
  A minotaur (shapeshifter) (Depths:3)
  10 fire dragons
  4 jiangshi
  Erolcha (D:8)
  12 yaktaur captains
  3 entropy weavers
  Harold (Lair:4)
  12 hydras
  10 naga warriors
  12 ice dragons
  A quicksilver dragon skeleton (Zig:4)
  4 deep elf high priests
  5 rakshasas
  9 centaur warriors
  3 anacondas
  5 statues (WizLab)
  A ghost crab (shapeshifter) (Elf:1)
  8 spriggan air magi
  A queen ant (Vaults:4)
  5 ogre magi
  4 tengu warriors
  11 dancing weapons (Elf:2)
  2 death yaks (Lair:6)
  5 deep troll shamans
  8 alligators
  An orc high priest (Orc:4)
  2 vampire magi
  7 naga sharpshooters
  7 spriggan berserkers
  12 deep elf knights
  4 thrashing horrors
  3 hell knights (Depths:4)
  3 shock serpents
  4 deep troll earth magi
  Nergalle (Orc:4)
  2 sun demons (Depths:4)
  A wretched star (Zig:5)
  3 soul eaters
  A fire crab (shapeshifter) (Depths:2)
  3 fire crabs
  9 skeletal warriors
  5 iron trolls
  9 swamp dragons
  3 unseen horrors
  4 death scarabs (Tomb:1)
  2 giant orange brains
  19 deep trolls
  A death drake (shapeshifter) (Depths:4)
  11 shadow wraiths
  4 spriggan druids
  A storm dragon skeleton (Crypt:1)
  5 naga ritualists
  2 salamander mystics (Snake:2)
  An ice statue (IceCv)
  2 ice devils
  9 deep elf summoners
  2 flayed ghosts
  A shambling mangrove (Swamp:1)
  A hill giant (D:12)
  14 deep elf conjurers
  20 phantasmal warriors
  6 orb spiders
  An iron dragon zombie (Crypt:1)
  9 ironbrand convokers
  A necromancer (Crypt:1)
  A wolf spider zombie (D:13)
  A shadow dragon skeleton (Depths:3)
  23 ugly things
  A wizard (Depths:4)
  2 manticores
  8 mana vipers
  6 orc sorcerers
  2 griffons
  5 moths of wrath
  11 orc knights
  A water nymph (Zig:3)
  2 wolf spiders
  A sixfirhy (D:1)
  12 hornets
  23 black mambas
  An iron dragon skeleton (Depths:3)
  4 cyclopes
  7 salamanders
  6 guardian serpents
  2 smoke demons (Zig:12)
  A fire giant skeleton (Crypt:1)
  A frost giant skeleton (Zig:4)
  2 hornets (shapeshifter)
  8 naga magi
  Joseph (Lair:1)
  2 centaur zombies
  2 water nymphs (shapeshifter)
  9 elephants
  A shock serpent zombie (Crypt:2)
  2 torpor snails
  5 centaur skeletons
  A kobold demonologist (Vaults:2)
  8 vault sentinels
  4 large abominations
  A black mamba (shapeshifter) (Vaults:2)
  An emperor scorpion zombie (Crypt:1)
  26 spiny frogs
  A hellion (D:1)
  4 demonic crawlers
  4 gargoyles
  11 komodo dragons
  17 yaktaurs
  An efreet (D:14)
  5 guardian mummies (Tomb:1)
  A fire drake (shapeshifter) (Vaults:4)
  6 freezing wraiths
  A red devil (D:7)
  A tengu conjurer (Depths:4)
  7 blue devils (IceCv)
  5 deep elf priests
  3 fire drakes
  5 giant leeches
  5 merfolk (Zig:3)
  A polar bear (shapeshifter) (Depths:2)
  A polar bear (Lair:8)
  14 two-headed ogres
  A jumping spider (Zig:10)
  2 trolls
  A wind drake (Zig:6)
  19 slime creatures
  11 bog bodies
  5 harpy zombies
  An ettin zombie (Tomb:1)
  A harpy skeleton (Crypt:1)
  5 ushabtiu (Tomb:1)
  2 boulder beetles
  9 blink frogs
  A raiju (Zot:4)
  An air elemental (Zig:12)
  A boulder beetle (shapeshifter) (Elf:3)
  A trapdoor spider (Zig:10)
  20 yaks
  Sigmund (D:3)
  8 redbacks
  7 wraiths
  14 flying skulls
  18 spriggans
  5 shadows
  10 starcursed masses
  2 tarantellas
  A wind drake zombie (Crypt:3)
  A fire elemental (D:13)
  A small abomination (Zig:12)
  16 deep elf magi
  6 wyverns
  12 deep elf fighters
  18 wolves
  3 neqoxecs
  2 hogs (Swamp:1)
  4 steam dragons
  2 basilisks
  4 hippogriffs
  4 wargs
  3 mottled dragons (Depths:5)
  23 nagas
  18 swamp worms
  30 vampire mosquitoes
  6 hungry ghosts
  A hornet simulacrum (D:15)
  5 insubstantial wisps
  8 water moccasins
  2 hell hounds (D:13)
  The ghost of kinazarov the Stinger, an average DEVM of Sif Muna (D:5)
  7 porcupines
  11 orc warriors
  A spider (shapeshifter) (Depths:2)
  3 phantoms
  An eye of draining (D:10)
  7 ice beasts
  11 swamp drakes
  3 necrophages
  A spiny frog skeleton (Crypt:2)
  9 centaurs
  21 ogres
  8 boggarts
  13 wasps
  A crocodile (shapeshifter) (Vaults:5)
  8 crocodiles
  12 giant frogs
  An earth elemental (Zig:12)
  A troll skeleton (Crypt:2)
  12 killer bees
  4 electric eels
  A wight (D:12)
  The ghost of Redz the Caller, a weakling KoSu (D:3)
  11 orc priests
  A crimson imp (D:5)
  A quasit (D:7)
  11 orc wizards
  A jelly (D:11)
  A hound (D:8)
  A human skeleton (Tomb:1)
  An iron imp (Depths:1)
  Jessica (D:2)
  A worker ant (D:13)
  An iguana (Lair:4)
  6 sheep
  A deep dwarf skeleton (Crypt:2)
  5 mummies
  Robin (D:2)
  5 gnolls
  22 river rats
  7 white imps (IceCv)
  A shadow imp (Zig:4)
  3 ufetubi (IceCv)
  An ooze (D:1)
  A worm (D:3)
  A giant gecko (D:10)
  50 orcs
  A bat skeleton (Crypt:2)
  7 goblins (D:2)
  6 hobgoblins
  2 jackals
  10 kobolds
  2 bats
  A bush (Lair:3)
  3 crawling corpses (Zig:11)
  An eldritch tentacle segment (Zot:5)
  A fire vortex (Vaults:5)
  8 fungi
  A plant (Lair:7)
1695 creatures vanquished.

Vanquished Creatures (others)
  A golden dragon (Vaults:5)
  A tentacled monstrosity (Depths:5)
  An Orb Guardian (Zot:5)
  2 ancient champions
  Gastronok (Lair:1)
  200 eldritch tentacles
  2 death cobs
  A tengu reaver (Vaults:5)
  A draconian monk (Zig:9)
  A fire giant (Vaults:5)
  A frost giant (Depths:2)
  A draconian shifter (Zig:8)
  2 draconian zealots
  A white draconian (Zot:5)
  A vault guard (Vaults:4)
  A mummy priest (Tomb:1)
  An ice dragon (Zot:4)
  A catoblepas (WizLab)
  A centaur warrior (D:13)
  An ice devil (IceCv)
  A skeletal warrior (Crypt:2)
  A deep troll (Depths:2)
  3 death scarabs (Tomb:2)
  An ice statue (IceCv)
  A hill giant (D:10)
  An anaconda skeleton (Crypt:1)
  A cyclops (D:14)
  An elephant (Lair:5)
  2 moths of wrath (Zot:5)
  A centaur skeleton (D:13)
  A blink frog (Swamp:3)
  3 flying skulls (Tomb:1)
  A deep elf mage (WizLab)
  A trapdoor spider (Zig:10)
  A shadow (Crypt:3)
  A yak (Lair:6)
  A deep elf fighter (Zig:11)
  2 vampire mosquitoes
  3 ogres
  A wasp (Swamp:1)
  3 mummies (Tomb:1)
  2 ufetubi (IceCv)
  4 bushes
  A crawling corpse (Zig:11)
  14924 eldritch tentacle segments
  52 fungi
  3 lost souls
  41 plants
  2 snaplasher vines
  370 snaplasher vine segments
15652 creatures vanquished.

Grand Total: 19153 creatures vanquished

Notes
Turn   | Place    | Note
--------------------------------------------------------------
     0 | D:1      | Redz the Kobold Summoner began the quest for the Orb.
     0 | D:1      | Reached XP level 1. HP: 10/10 MP: 3/3
   221 | D:1      | Reached XP level 2. HP: 13/16 MP: 1/5
   226 | D:1      | Reached skill level 1 in Fighting
   252 | D:1      | Learned a level 2 spell: Call Imp
   646 | D:1      | Reached XP level 3. HP: 15/20 MP: 3/6
   651 | D:1      | Learned a level 3 spell: Call Canine Familiar
  1679 | D:2      | Noticed Jessica
  1687 | D:2      | Killed Jessica
  1687 | D:2      | Reached XP level 4. HP: 26/26 MP: 1/7
  2007 | D:2      | Noticed Robin
  2019 | D:2      | Killed Robin
  2143 | D:2      | Found an ancient bone altar of Kikubaaqudgha.
  2219 | D:3      | Noticed Ijyb
  2231 | D:2      | Reached XP level 5. HP: 24/31 MP: 2/8
  2411 | D:3      | Noticed Redz's ghost (weakling KoSu)
  2442 | D:3      | Killed Redz's ghost
  2569 | D:3      | Learned a level 3 spell: Summon Guardian Golem
  2588 | D:3      | Reached XP level 6. HP: 15/37 MP: 7/10
  2589 | D:3      | Killed Ijyb
  3025 | D:3      | Noticed Sigmund
  3036 | D:3      | Killed Sigmund
  3036 | D:3      | Reached skill level 5 in Summonings
  3395 | D:3      | Reached XP level 7. HP: 41/41 MP: 11/11
  3726 | D:4      | Found a stormy altar of Qazlal.
  4000 | D:4      | Gained mutation: Your body sometimes deteriorates upon taking damage. [potion of mutation]
  4000 | D:4      | Gained mutation: You are somewhat resistant to further mutation. [potion of mutation]
  4262 | D:5      | Entered Level 5 of the Dungeon
  4408 | D:5      | Learned a level 2 spell: Blink
  4801 | D:5      | Noticed kinazarov's ghost (average DEVM)
  4836 | D:5      | Killed kinazarov's ghost
  5097 | D:6      | Reached skill level 1 in Armour
  5097 | D:6      | Reached skill level 6 in Summonings
  5097 | D:6      | Reached skill level 1 in Translocations
  5097 | D:6      | Reached XP level 8. HP: 24/48 MP: 11/13
  5294 | D:6      | Got a fine hand axe
  5310 | D:6      | Identified the +10 hand axe of Trauma {venom, rF+} (You found it on level 6 of the Dungeon)
  5479 | D:6      | Found Nohob's Book Shop.
  5533 | D:6      | Found a bloodstained altar of Trog.
  5608 | D:6      | Found a snail-covered altar of Cheibriados.
  5608 | D:6      | Found a shadowy altar of Dithmenos.
  5930 | D:6      | Found a sparkling altar of Nemelex Xobeh.
  5930 | D:6      | Found a glowing silver altar of Zin.
  5930 | D:6      | Found a radiant altar of Vehumet.
  6381 | D:7      | Reached skill level 5 in Dodging
  6557 | D:8      | Reached XP level 9. HP: 45/53 MP: 15/15
  6573 | D:8      | Reached skill level 5 in Fighting
  6573 | D:8      | Reached skill level 7 in Summonings
  6971 | D:8      | Noticed Erolcha
  6980 | D:8      | Paralysed by Erolcha for 5 turns
  7842 | D:9      | Reached skill level 5 in Spellcasting
  8122 | D:9      | Reached skill level 8 in Summonings
  8212 | D:9      | Found a roughly hewn altar of Beogh.
  8213 | D:9      | Found a staircase to the Orcish Mines.
  8289 | D:8      | Reached XP level 10. HP: 51/59 MP: 17/17
  8416 | D:8      | Killed Erolcha
  8428 | D:8      | Got a scorched mace
  8429 | D:8      | Identified the +0 mace of the People {holy, *Rage rElec Int+4} (You found it on level 8 of the Dungeon)
  8500 | D:8      | Noticed a troll
  8518 | D:8      | Killed a troll
  8706 | D:8      | Found a burning altar of Makhleb.
  8862 | D:8      | Found a staircase to the Lair.
  8869 | D:7      | Found a staircase to the Ecumenical Temple.
  8873 | Temple   | Entered the Ecumenical Temple
  9078 | Temple   | Became a worshipper of Warmaster Okawaru
  9365 | D:9      | Got a slimy halberd
  9366 | D:9      | Identified the +4 halberd "Mebonon" {chop, *Confuse rF++ Str+2} (You found it on level 9 of the Dungeon)
  9703 | D:10     | Entered Level 10 of the Dungeon
 10138 | D:10     | Reached skill level 9 in Summonings
 10245 | D:10     | Noticed a hill giant
 10264 | D:10     | Killed a hill giant
 10313 | D:10     | Acquired Okawaru's first power
 10748 | D:10     | Killed an unseen horror
 10748 | D:10     | Reached skill level 5 in Translocations
 10967 | D:10     | Got a bronze scale mail
 10968 | D:10     | Identified the +0 scale mail of the Slug {rN+} (You found it on level 10 of the Dungeon)
 11132 | D:11     | Found Amillonu's Antique Weapon Emporium.
 11136 | D:11     | Reached XP level 11. HP: 60/66 MP: 20/20
 11343 | D:11     | Found Vowuiny's Distillery.
 11481 | Lair:1   | Entered Level 1 of the Lair of Beasts
 11778 | Lair:1   | Noticed Gastronok
 12063 | Lair:1   | Killed Gastronok
 12134 | Lair:1   | Reached skill level 10 in Summonings
 12553 | Lair:1   | Noticed Joseph
 12585 | Lair:1   | Killed Joseph
 13242 | Lair:1   | Reached skill level 12 in Fighting
 13242 | Lair:1   | Reached XP level 12. HP: 9/81 MP: 22/22
 13913 | Lair:2   | Reached skill level 5 in Armour
 13938 | Lair:2   | Noticed a six-headed hydra
 13964 | Lair:2   | Killed a six-headed hydra
 13970 | Lair:2   | Learned a level 4 spell: Summon Lightning Spire
 14437 | Lair:2   | Noticed a seven-headed hydra
 14474 | Lair:2   | Killed a nine-headed hydra
 14778 | Lair:2   | Acquired Okawaru's second power
 15456 | Lair:3   | Reached XP level 13. HP: 45/86 MP: 7/23
 15839 | Lair:3   | Found a staircase to the Snake Pit.
 15885 | Lair:3   | Received a gift from Okawaru
 16004 | Lair:3   | Learned a level 4 spell: Passage of Golubria
 16751 | Lair:4   | Noticed Harold
 16780 | Lair:4   | Killed Harold
 18788 | Lair:5   | Learned a level 4 spell: Summon Ice Beast
 18959 | Lair:6   | Reached skill level 10 in Dodging
 19304 | Lair:6   | Received a gift from Okawaru
 19305 | Lair:6   | Got a brightly glowing dagger {god gift}
 19380 | Lair:6   | Identified the +1 dagger of Dominance {elec, rF+ MR+} (Okawaru gifted it to you on level 6 of the Lair of Beasts)
 19721 | Lair:8   | Entered Level 8 of the Lair of Beasts
 19739 | Lair:8   | Reached XP level 14. HP: 54/92 MP: 23/26
 20145 | Lair:6   | Found a staircase to the Swamp.
 20394 | Lair:6   | Received a gift from Okawaru
 20621 | Lair:7   | Identified a scroll of acquirement
 20739 | Lair:7   | Learned a level 6 spell: Monstrous Menagerie
 20848 | Lair:7   | Found an opulent altar of Gozag.
 21182 | Lair:7   | Found a viscous altar of Jiyva.
 21182 | Lair:7   | Found a staircase to the Slime Pits.
 21413 | Lair:8   | Reached skill level 13 in Summonings
 21477 | Lair:8   | Received a gift from Okawaru
 21616 | Lair:8   | Found a shadowy altar of Dithmenos.
 21640 | Lair:8   | Noticed Maud
 22196 | Lair:8   | Received a gift from Okawaru
 22289 | Lair:8   | Received a gift from Okawaru
 22455 | Lair:8   | Killed Maud
 23524 | Orc:1    | Entered Level 1 of the Orcish Mines
 23544 | Orc:1    | Learned a level 3 spell: Portal Projectile
 24496 | Orc:4    | Entered Level 4 of the Orcish Mines
 24540 | Orc:4    | Reached skill level 5 in Crossbows
 24732 | Orc:4    | Noticed an orc warlord
 25516 | Orc:4    | Noticed Nergalle
 25804 | Orc:4    | Found a staircase to the Elven Halls.
 25926 | Orc:4    | Received a gift from Okawaru
 26026 | Orc:4    | Killed Nergalle
 26058 | Orc:4    | Reached XP level 15. HP: 34/96 MP: 5/28
 26625 | D:6      | Found Nohob's Book Shop.
 26631 | D:6      | Bought a book of Summonings for 770 gold pieces
 27108 | Orc:3    | Killed an orc warlord
 27318 | Orc:4    | Found a roughly hewn altar of Beogh.
 27343 | Orc:4    | Found Soroosia's Antique Weapon Shoppe.
 27351 | Orc:4    | Found Meremudgh's General Store.
 27390 | Orc:4    | Found Ykiepirr's Book Shoppe.
 27395 | Orc:4    | Found Iretif's Antique Armour Shoppe.
 27883 | D:11     | Found Qaagaoj's Antique Armour Boutique.
 27893 | D:11     | Bought a pair of embroidered gloves for 126 gold pieces
 28112 | D:11     | Found Zaumikesk's Antique Weapon Shop.
 28139 | D:11     | Killed an unseen horror
 28147 | D:11     | Bought a steaming arbalest for 275 gold pieces
 28147 | D:11     | Identified the +6 arbalest of Gluttony {freeze, MR- MP+9 Str+3} (You bought it in a shop on level 11 of the Dungeon)
 28174 | D:11     | Bought a potion of heal wounds for 70 gold pieces
 28174 | D:11     | Bought a potion of heal wounds for 70 gold pieces
 28174 | D:11     | Bought a potion of invisibility for 112 gold pieces
 28174 | D:11     | Bought a potion of haste for 140 gold pieces
 28299 | D:11     | Found Asidwiul's Gadget Shoppe.
 28763 | D:11     | Noticed a gargoyle
 28773 | D:11     | Killed a gargoyle
 29058 | D:11     | Upgraded the game from 0.17-a0-1731-g129c023 to 0.17-a0-1733-ge90ece9
 29375 | D:12     | Received a gift from Okawaru
 29903 | D:12     | Found Bypumm's Elemental Accessories.
 30647 | D:13     | Noticed Azrael
 30884 | D:13     | Killed Azrael
 31110 | D:13     | Reached skill level 14 in Summonings
 31267 | D:13     | Reached skill level 10 in Crossbows
 31469 | D:13     | Reached skill level 10 in Spellcasting
 32197 | D:13     | Received a gift from Okawaru
 32500 | D:13     | Found a gate to the Vaults.
 33364 | D:14     | Found Paij's General Store.
 33379 | D:14     | Bought a scroll of enchant armour for 75 gold pieces
 33556 | D:14     | Reached XP level 16. HP: 101/101 MP: 30/30
 33757 | D:14     | Learned a level 1 spell: Apportation
 33771 | D:14     | Learned a level 5 spell: Aura of Abjuration
 33849 | D:14     | Got a wavering platinum ring
 33851 | D:14     | Identified the ring "Guly" {Fire rElec Str-5 Int+4 Dex+4} (You found it on level 14 of the Dungeon)
 33884 | D:14     | Received a gift from Okawaru
 34184 | D:15     | Entered Level 15 of the Dungeon
 34196 | D:15     | Noticed Louise
 34211 | D:15     | Killed Louise
 35048 | D:15     | Lost mutation: You are somewhat resistant to further mutation. [potion of cure mutation]
 35048 | D:15     | Lost mutation: Your body sometimes deteriorates upon taking damage. [potion of cure mutation]
 35472 | D:15     | Found a burning altar of Makhleb.
 35535 | D:15     | Identified a -1 rod of shadows (9/9) (You found it on level 15 of the Dungeon)
 35553 | D:15     | Received a gift from Okawaru
 35796 | D:15     | Found a staircase to the Depths.
 36254 | Swamp:1  | Entered Level 1 of the Swamp
 36667 | Snake:1  | Entered Level 1 of the Snake Pit
 36719 | Snake:1  | Received a gift from Okawaru
 37150 | Snake:1  | Received a gift from Okawaru
 37177 | Snake:1  | Found a frozen archway.
 37225 | IceCv    | Entered an ice cave
 37544 | IceCv    | Received a gift from Okawaru
 37864 | IceCv    | Noticed an Ice Fiend
 37889 | IceCv    | Killed an Ice Fiend
 38176 | Snake:2  | Noticed Vashnia
 38400 | Snake:1  | Was placed under penance by Okawaru
 38827 | Swamp:1  | Noticed Nikola
 39321 | Elf:1    | Entered Level 1 of the Elven Halls
 39334 | Elf:1    | Was forgiven by Okawaru
 39569 | Elf:1    | Reached XP level 17. HP: 97/106 MP: 12/32
 39595 | Elf:1    | Identified Vehumet's Volume of Attacks
 39657 | Elf:1    | Received a gift from Okawaru
 39923 | Elf:1    | Got a distressingly furry leather armour
 39924 | Elf:1    | Identified the cursed +1 leather armour of the Kettle-Drum {*Corrode rElec Str+6 Int+3} (You found it on level 1 of the Elven Halls)
 40197 | Elf:1    | Reached skill level 15 in Summonings
 40365 | Elf:1    | Was placed under penance by Okawaru
 40659 | Elf:3    | Entered Level 3 of the Elven Halls
 41571 | Elf:3    | Found Juyshrith's Weapon Shop.
 41639 | Elf:2    | Found a runed door.
 41669 | Elf:2    | Found a runed door.
 41938 | Elf:2    | Was forgiven by Okawaru
 42373 | Elf:3    | Got a pair of transparent gloves
 42384 | Elf:3    | Identified the cursed -4 pair of gloves "Hauner" {Dex+2} (You found it on level 3 of the Elven Halls)
 42405 | Elf:3    | Noticed Saint Roka
 42421 | Elf:3    | Killed Saint Roka
 42579 | Elf:3    | Found Ahanuust's One-of-a-Kind Books.
 42610 | Elf:3    | Found Ytenof's Antique Armour Boutique.
 42615 | Elf:3    | Bought a glowing cloak for 99 gold pieces
 42695 | Elf:3    | Found Yfiskuwk's Magic Scroll Shoppe.
 42703 | Elf:3    | Bought a scroll of teleportation for 54 gold pieces
 42703 | Elf:3    | Bought a scroll of teleportation for 54 gold pieces
 42703 | Elf:3    | Bought a scroll of teleportation for 54 gold pieces
 42703 | Elf:3    | Bought a scroll of identify for 36 gold pieces
 42703 | Elf:3    | Bought a scroll of blinking for 135 gold pieces
 42756 | Elf:3    | Found Naekle's Food Shoppe.
 42792 | Elf:3    | Found an ancient bone altar of Kikubaaqudgha.
 42831 | Elf:3    | Found Soriomm's Jewellery Shoppe.
 42854 | Elf:3    | Received a gift from Okawaru
 43313 | Elf:3    | Was placed under penance by Okawaru
 43500 | Elf:3    | Got a bound lead ring
 43502 | Elf:3    | Identified the ring "Foerhur" {*Contam +Fly rF+ Str+3} (You acquired it on level 3 of the Elven Halls)
 43512 | Elf:3    | Was forgiven by Okawaru
 43754 | Elf:3    | Received a gift from Okawaru
 43797 | Elf:3    | Reached XP level 18. HP: 112/112 MP: 10/33
 43804 | Elf:3    | Got a bound crystal amulet
 43805 | Elf:3    | Got a scorched falchion
 43842 | Elf:3    | Got a translucent scimitar
 43856 | Elf:3    | Got an iridescent long sword
 43870 | Elf:3    | Identified the +6 falchion "Cyhoom" {slice, rElec rPois rC- SInv} (You took it off a deep elf demonologist on level 3 of the Elven Halls)
 43871 | Elf:3    | Identified the +11 scimitar of Xyhubuz {flame, Int+3} (You took it off a deep elf conjurer on level 3 of the Elven Halls)
 43872 | Elf:3    | Identified the +2 long sword of Woetz {pain, rPois Str+5 Dex+4} (You took it off a deep elf sorcerer on level 3 of the Elven Halls)
 43875 | Elf:3    | Identified the amulet of Dishonesty {+Rage Int+2} (You took it off a deep elf demonologist on level 3 of the Elven Halls)
 43929 | Elf:3    | Noticed a deep elf master archer
 43935 | Elf:3    | Killed a deep elf master archer
 43973 | Elf:3    | Noticed a Hell Sentinel
 44045 | Elf:3    | Received a gift from Okawaru
 44046 | Elf:3    | Got a shimmering quarterstaff {god gift}
 44047 | Elf:3    | Identified the +6 quarterstaff of Terror {crush, -Tele rElec rPois MR++} (Okawaru gifted it to you on level 3 of the Elven Halls)
 44085 | Elf:3    | Got a pitted bone ring
 44106 | Elf:3    | Identified the ring "Jurghaw" {rC+ MR+ Dex+3} (You took it off a deep elf sorcerer on level 3 of the Elven Halls)
 44348 | Elf:3    | Noticed an Ice Fiend
 44555 | Elf:3    | Noticed a deep elf master archer
 44562 | Elf:3    | Killed a deep elf master archer
 44670 | Elf:3    | Got a scorched ring mail
 44713 | Elf:3    | Noticed a deep elf blademaster
 44813 | Elf:3    | Learned a level 7 spell: Summon Hydra
 44833 | Elf:3    | Killed a deep elf blademaster
 44833 | Elf:3    | Received a gift from Okawaru
 44836 | Elf:3    | Got an ancient arbalest {god gift}
 44847 | Elf:3    | Identified the +5 ring mail of Negation {rC++ MR+ rCorr Int-5} (You took it off a deep elf master archer on level 3 of the Elven Halls)
 44857 | Elf:3    | Identified the +8 arbalest "Gadweema" {elec, *Corrode rF+ MR+} (Okawaru gifted it to you on level 3 of the Elven Halls)
 45124 | Elf:3    | Got a polished long sword
 45125 | Elf:3    | Identified the +10 long sword of Toomun {freeze, rPois} (You took it off a deep elf sorcerer on level 3 of the Elven Halls)
 45144 | Elf:3    | Identified the Incunabulum of Ghastly Enhancements
 45825 | Swamp:1  | Killed Nikola
 45892 | Swamp:1  | Noticed Kirke
 45899 | Swamp:1  | Killed Kirke
 45984 | Swamp:1  | Noticed Donald
 45992 | Swamp:1  | Killed Donald
 45992 | Swamp:1  | Received a gift from Okawaru
 45993 | Swamp:1  | Got a brightly glowing triple crossbow {god gift}
 45994 | Swamp:1  | Identified the +2 triple crossbow of Okawaru's Envy {freeze, rElec rF+ Str-4 Dex+3} (Okawaru gifted it to you on level 1 of the Swamp)
 46075 | Swamp:1  | Reached skill level 10 in Armour
 47363 | Swamp:3  | Received a gift from Okawaru
 47732 | Swamp:4  | Entered Level 4 of the Swamp
 47736 | Swamp:4  | Received a gift from Okawaru
 47737 | Swamp:4  | Got a polished chain mail {god gift}
 48011 | Swamp:4  | Reached XP level 19. HP: 116/116 MP: 24/35
 48447 | Swamp:3  | Identified the +8 chain mail "Cuoruog" {Str+9 Int-4} (Okawaru gifted it to you on level 4 of the Swamp)
 48472 | Swamp:3  | Learned a level 5 spell: Summon Mana Viper
 49621 | Swamp:4  | Reached skill level 15 in Crossbows
 49812 | Swamp:4  | Noticed the 27-headed Lernaean hydra
 49828 | Swamp:4  | Killed the 27-headed Lernaean hydra
 49828 | Swamp:4  | Reached skill level 16 in Summonings
 49842 | Swamp:4  | Got a decaying rune of Zot
 50637 | Snake:1  | Got a heavily runed buckler
 50644 | Snake:1  | Identified the +1 buckler of Boredom {MR+++ rCorr Str+3 Stlth-} (You acquired it on level 1 of the Snake Pit)
 50803 | Snake:2  | Reached skill level 5 in Stealth
 50806 | Snake:2  | Received a gift from Okawaru
 52802 | Snake:4  | Entered Level 4 of the Snake Pit
 52962 | Snake:2  | Killed Vashnia
 53431 | Snake:4  | Reached skill level 15 in Dodging
 53438 | Snake:4  | Received a gift from Okawaru
 53751 | Snake:4  | Found a radiant altar of Vehumet.
 53773 | Snake:4  | Reached XP level 20. HP: 123/123 MP: 26/36
 53775 | Snake:4  | Received a gift from Okawaru
 53880 | Snake:4  | Received a gift from Okawaru
 54164 | Snake:4  | Received a gift from Okawaru
 54446 | Snake:4  | Reached skill level 10 in Translocations
 55021 | Snake:4  | Got a serpentine rune of Zot
 55463 | Vaults:1 | Entered Level 1 of the Vaults
 55787 | Vaults:1 | Got an ichor-stained ring mail
 57082 | Vaults:1 | Learned a level 5 spell: Summon Forest
 57424 | Vaults:1 | Received a gift from Okawaru
 57425 | Vaults:1 | Got a twisted chain mail {god gift}
 57436 | Vaults:1 | Identified the +1 chain mail of the Buccaneer {MR+ Stlth+} (Okawaru gifted it to you on level 1 of the Vaults)
 57446 | Vaults:1 | Identified the +1 ring mail of Sif Muna's Fury {rElec rPois Int-3} (You found it on level 1 of the Vaults)
 57572 | Vaults:2 | Found Tolaum's Distillery.
 57580 | Vaults:2 | Bought a potion of heal wounds for 70 gold pieces
 57580 | Vaults:2 | Bought a potion of heal wounds for 70 gold pieces
 57603 | Vaults:2 | Noticed Asterion
 57623 | Vaults:2 | Killed Asterion
 58337 | Vaults:2 | Noticed Jorgrun
 58748 | Vaults:2 | Reached skill level 17 in Summonings
 58945 | Vaults:2 | Was placed under penance by Okawaru
 59080 | Vaults:2 | Killed Jorgrun
 59080 | Vaults:2 | Reached XP level 21. HP: 101/128 MP: 21/38
 59232 | Vaults:2 | Was forgiven by Okawaru
 59646 | Vaults:2 | Received a gift from Okawaru
 59701 | Vaults:2 | Upgraded the game from 0.17-a0-1733-ge90ece9 to 0.17-a0-1753-g75d4604
 59909 | Vaults:3 | Received a gift from Okawaru
 60126 | Vaults:3 | Paralysed by a vampire knight for 5 turns
 60223 | Vaults:3 | Found a staircase to the Crypt.
 60245 | Vaults:3 | Received a gift from Okawaru
 60796 | Vaults:3 | Got a transparent ring mail
 60814 | Vaults:3 | Identified the cursed +1 ring mail of Eternity {Int+2 Dex+6 Stlth-} (You found it on level 3 of the Vaults)
 60896 | Vaults:3 | Received a gift from Okawaru
 62721 | Vaults:4 | Received a gift from Okawaru
 62868 | Vaults:4 | Received a gift from Okawaru
 62949 | Vaults:4 | Received a gift from Okawaru
 63198 | Vaults:4 | Received a gift from Okawaru
 63247 | Vaults:4 | Received a gift from Okawaru
 63433 | Vaults:4 | Received a gift from Okawaru
 63744 | Vaults:4 | Reached XP level 22. HP: 135/135 MP: 39/39
 63911 | Vaults:4 | Reached skill level 10 in Stealth
 63946 | Vaults:4 | Received a gift from Okawaru
 64629 | Depths:1 | Entered Level 1 of the Depths
 64687 | Depths:1 | Noticed Sojobo
 65102 | Depths:1 | Killed Sojobo
 65721 | Depths:1 | Reached skill level 18 in Summonings
 65904 | Depths:1 | Found a gateway to a ziggurat.
 65993 | Depths:1 | Found a gateway to Hell.
 66267 | Depths:2 | Received a gift from Okawaru
 66929 | Depths:2 | Received a gift from Okawaru
 67664 | Depths:2 | Received a gift from Okawaru
 67664 | Depths:2 | Reached XP level 23. HP: 141/141 MP: 25/40
 67846 | Depths:1 | Received a gift from Okawaru
 67880 | Depths:1 | Learned a level 7 spell: Malign Gateway
 67909 | Depths:2 | Noticed a golden dragon
 67913 | Depths:2 | Killed a golden dragon
 68102 | Depths:2 | Received a gift from Okawaru
 68147 | Depths:2 | Found a portal to a secret trove of treasure.
 68339 | Depths:2 | Noticed a caustic shrike
 68349 | Depths:2 | Killed a caustic shrike
 68349 | Depths:2 | Received a gift from Okawaru
 68604 | Depths:2 | Received a gift from Okawaru
 68607 | Depths:2 | Got a heavily runed cloak {god gift}
 68633 | Depths:2 | Identified the +1 cloak of Demons {rN+ MR+ Str-5 Int+2} (Okawaru gifted it to you on level 2 of the Depths)
 69281 | Depths:2 | Noticed a juggernaut
 69296 | Depths:2 | Killed a juggernaut
 70108 | Depths:3 | Received a gift from Okawaru
 70201 | Depths:3 | Found a magical portal.
 70206 | WizLab   | Entered Iskenderun's Mystic Tower
 71275 | WizLab   | Identified Iskenderun's Grimoire of Combat Magic
 71287 | WizLab   | Identified Iskenderun's Incunabulum of Blistering Attacks (You found it in a wizard's laboratory)
 71468 | Depths:3 | Noticed the Enchantress
 71529 | Depths:3 | Killed the Enchantress
 71540 | Depths:3 | Got a faerie dragon armour
 71556 | Depths:3 | Identified the +1 faerie dragon armour {Regen+} (You took it off the Enchantress on level 3 of the Depths)
 71707 | Depths:3 | Reached XP level 24. HP: 148/148 MP: 41/41
 71854 | Depths:3 | Noticed a caustic shrike
 71864 | Depths:3 | Killed a caustic shrike
 71864 | Depths:3 | Received a gift from Okawaru
 72091 | Depths:3 | Received a gift from Okawaru
 72092 | Depths:3 | Got a pair of blackened boots {god gift}
 72103 | Depths:3 | Identified the +2 pair of boots of Dishonour {rC+ rN+++ MP-9 Int+3} (Okawaru gifted it to you on level 3 of the Depths)
 72257 | Depths:3 | Found a one-way gate leading to the halls of Pandemonium.
 72431 | Depths:3 | Noticed Mara
 72454 | Depths:3 | Killed Mara
 72460 | Depths:3 | Noticed Jory
 72478 | Depths:3 | Killed Jory
 73430 | Depths:4 | Found a one-way gate to the infinite horrors of the Abyss.
 73676 | Depths:4 | Identified the Handbook of Companions and the Mountains
 73891 | Depths:4 | Reached skill level 15 in Fighting
 74538 | Depths:4 | Received a gift from Okawaru
 74544 | Depths:4 | Got a shimmering cloak {god gift}
 74555 | Depths:4 | Identified the +1 cloak "Wukeil" {Dex+2} (Okawaru gifted it to you on level 4 of the Depths)
 74793 | Depths:5 | Entered Level 5 of the Depths
 75631 | Depths:5 | Reached skill level 19 in Summonings
 75748 | Depths:5 | Found a gate to the Realm of Zot.
 75855 | Depths:5 | Reached XP level 25. HP: 81/156 MP: 41/41
 76184 | Depths:5 | Received a gift from Okawaru
 76709 | Depths:5 | Received a gift from Okawaru
 76853 | Depths:5 | Reached skill level 15 in Spellcasting
 77083 | Depths:3 | Received a gift from Okawaru
 77439 | Crypt:1  | Entered Level 1 of the Crypt
 78119 | Crypt:1  | Received a gift from Okawaru
 78288 | Crypt:1  | Noticed Boris
 78297 | Crypt:1  | Killed Boris
 79051 | Crypt:2  | Got a pair of heavily runed gloves
 79062 | Crypt:2  | Identified the +1 pair of gloves "Azolyffu" {rElec rC- Slay+2 Stlth-} (You found it on level 2 of the Crypt)
 79713 | Crypt:3  | Entered Level 3 of the Crypt
 79875 | Crypt:3  | Identified a +0 rod of the swarm (12/12) (You found it on level 5 of the Depths)
 80257 | Crypt:3  | Found a staircase to the Tomb.
 80507 | Crypt:3  | Found a basalt altar of Yredelemnul.
 80626 | Crypt:3  | Got a pitted ring mail
 80652 | Crypt:3  | Identified the +1 ring mail of Death's Door {rElec} (You found it on level 3 of the Crypt)
 80872 | Crypt:3  | Received a gift from Okawaru
 80955 | Crypt:3  | Got a sparkling silver ring
 80976 | Crypt:3  | Got a wavering amber ring
 81103 | Crypt:3  | Received a gift from Okawaru
 81258 | Crypt:3  | Reached skill level 15 in Stealth
 81264 | Crypt:3  | Received a gift from Okawaru
 81303 | Crypt:3  | Identified the ring "Fettaryl" {Str+2 SInv Stlth+} (You took it off a death knight on level 3 of the Crypt)
 81306 | Crypt:3  | Identified the ring of Toasch Seliti {rF- EV+5 Str+7} (You found it on level 3 of the Crypt)
 81620 | Crypt:3  | Reached XP level 26. HP: 163/163 MP: 24/42
 81824 | Tomb:1   | Entered Level 1 of the Tomb of the Ancients
 82357 | Tomb:1   | Received a gift from Okawaru
 82633 | Tomb:1   | Noticed a greater mummy
 82633 | Tomb:1   | Received a gift from Okawaru
 82669 | Tomb:1   | Killed a greater mummy
 82712 | Tomb:1   | Noticed a greater mummy
 82727 | Tomb:1   | Killed a greater mummy
 83011 | Tomb:1   | Noticed a greater mummy
 83021 | Tomb:1   | Killed a greater mummy
 83169 | Tomb:1   | Noticed a greater mummy
 83178 | Tomb:1   | Killed a greater mummy
 83178 | Tomb:1   | Received a gift from Okawaru
 83554 | Tomb:2   | Noticed a greater mummy
 83555 | Tomb:2   | Noticed a greater mummy
 83851 | Vaults:5 | Entered Level 5 of the Vaults
 84009 | Vaults:4 | Received a gift from Okawaru
 84015 | Vaults:4 | Got a translucent crystal plate armour {god gift}
 84042 | Vaults:4 | Identified the +7 crystal plate armour of Etur {*Confuse Regen+ Str+2 Dex+6} (Okawaru gifted it to you on level 4 of the Vaults)
 85234 | Vaults:5 | Received a gift from Okawaru
 85333 | Vaults:5 | Reached skill level 20 in Summonings
 85442 | Vaults:5 | Got an uncursed iridescent quick blade
 85557 | Vaults:5 | Received a gift from Okawaru
 85777 | Vaults:5 | Received a gift from Okawaru
 85820 | Vaults:5 | Reached XP level 27. HP: 150/170 MP: 31/42
 85933 | Vaults:5 | Learned a level 8 spell: Summon Horrible Things
 85979 | Vaults:5 | Got a scorched lapis lazuli ring
 86097 | Vaults:5 | Got a polished flail
 86099 | Vaults:5 | Identified the +6 quick blade "Ukeosaf" {drain, +Inv +Fly Str-3 Int+4} (You took it off a yaktaur on level 5 of the Vaults)
 86101 | Vaults:5 | Identified the cursed +2 flail of Blood {flame, rN+ MR+} (You took it off a salamander stormcaller on level 5 of the Vaults)
 86107 | Vaults:5 | Identified the ring of the Queen {rPois rC+ Str-3 SInv Stlth-} (You took it off a deep elf conjurer on level 5 of the Vaults)
 86350 | Vaults:5 | Received a gift from Okawaru
 86411 | Vaults:5 | Got a flickering ivory ring
 86412 | Vaults:5 | Got a dazzling scimitar
 86413 | Vaults:5 | Identified the +6 scimitar of Dissolution {drain, rPois} (You took it off a frost giant on level 5 of the Vaults)
 86416 | Vaults:5 | Identified the ring "Imuteun" {rN+ Stlth+} (You took it off a frost giant on level 5 of the Vaults)
 86674 | Vaults:5 | Got a silver rune of Zot
 86823 | Vaults:5 | Got a thick robe
 86896 | Vaults:5 | Identified the cursed +1 robe of Zent {*Contam rElec MP+9 Dex+3} (You found it on level 5 of the Vaults)
 86950 | Vaults:5 | Gained mutation: You can translocate small distances at will. [mutagenic glow]
 86951 | Vaults:5 | Gained mutation: Your spells are a little harder to cast, but a little more powerful. [potion of beneficial mutation]
 86977 | Vaults:5 | Received a gift from Okawaru
 87698 | Depths:3 | Received a gift from Okawaru
 87816 | Zig:1    | Entered Level 1 of a ziggurat
 87867 | Zig:2    | Entered Level 2 of a ziggurat
 87889 | Zig:2    | Got an opalescent robe
 87900 | Zig:2    | Identified the +0 robe of Magic {*Corrode rPois rC+ Int+10} (You found it on level 2 of a ziggurat)
 87936 | Zig:3    | Entered Level 3 of a ziggurat
 87981 | Zig:4    | Entered Level 4 of a ziggurat
 88145 | Zig:5    | Entered Level 5 of a ziggurat
 88239 | Zig:6    | Entered Level 6 of a ziggurat
 88305 | Zig:7    | Entered Level 7 of a ziggurat
 88349 | Zig:7    | Noticed an ancient lich
 88369 | Zig:7    | Killed an ancient lich
 88535 | Zig:8    | Entered Level 8 of a ziggurat
 88603 | Zig:8    | Identified the Papyrus of Summoning
 88789 | Zig:9    | Entered Level 9 of a ziggurat
 88921 | Zig:9    | Identified a +3 rod of destruction (14/14) (You found it on level 8 of a ziggurat)
 88931 | Zig:10   | Entered Level 10 of a ziggurat
 89007 | Zig:10   | Got a twitching brass ring
 89009 | Zig:10   | Got a shimmering ivory ring
 89018 | Zig:10   | Identified the ring "Qolonic" {Wiz rN++} (You found it on level 10 of a ziggurat)
 89021 | Zig:10   | Identified the ring "Heziutz" {rC+ rN+ MP+9} (You found it on level 10 of a ziggurat)
 89119 | Zig:11   | Entered Level 11 of a ziggurat
 89212 | Zig:11   | Got a vibrating amber ring
 89239 | Zig:11   | Identified the ring "Wyryrru" {+Fly rF- MR+ Int+3 Dex+4} (You found it on level 11 of a ziggurat)
 89249 | Zig:12   | Entered Level 12 of a ziggurat
 89277 | Zig:12   | Received a gift from Okawaru
 89288 | Zig:12   | Gained mutation: Your body sometimes deteriorates upon taking damage. [a neqoxec]
 89290 | Zig:12   | Gained mutation: You have a pair of small antennae on your head. [a neqoxec]
 89423 | Zig:12   | Gained mutation: You possess an exceptional clarity of mind. [potion of beneficial mutation]
 89434 | Zig:13   | Entered Level 13 of a ziggurat
 89609 | Zig:13   | Gained mutation: You are resistant to hostile enchantments. [potion of beneficial mutation]
 89878 | Zot:1    | Entered Level 1 of the Realm of Zot
 90055 | Depths:5 | Lost mutation: You are resistant to hostile enchantments. [potion of cure mutation]
 90055 | Depths:5 | Lost mutation: You have a pair of small antennae on your head. [potion of cure mutation]
 90055 | Depths:5 | Lost mutation: Your body sometimes deteriorates upon taking damage. [potion of cure mutation]
 90055 | Depths:5 | Lost mutation: You possess an exceptional clarity of mind. [potion of cure mutation]
 90055 | Depths:5 | Lost mutation: You can translocate small distances at will. [potion of cure mutation]
 91484 | Zot:1    | HP: 3/172 [yellow draconian scorcher/blast of hellfire (42)]
 91745 | Zot:1    | Received a gift from Okawaru
 91758 | Zot:1    | Reached skill level 21 in Crossbows
 91809 | Zot:1    | Noticed an orb of fire
 91829 | Zot:1    | Killed an orb of fire
 92246 | Zot:1    | Received a gift from Okawaru
 92258 | Zot:1    | Reached skill level 1 in Hexes
 93240 | Zot:2    | Received a gift from Okawaru
 93452 | Zot:2    | Received a gift from Okawaru
 93808 | Zot:2    | Received a gift from Okawaru
 94330 | Zot:3    | You fall through a shaft!
 94353 | Zot:5    | Entered Level 5 of the Realm of Zot
 94890 | Zot:4    | Reached skill level 15 in Armour
 95168 | Zot:4    | Was placed under penance by Okawaru
 95346 | Zot:4    | Was forgiven by Okawaru
 95616 | Zot:4    | Received a gift from Okawaru
 95879 | Zot:4    | Received a gift from Okawaru
 96901 | Zot:3    | Identified the Handbook of Curses
 96905 | Zot:3    | Got a slimy crystal plate armour
 96906 | Zot:3    | Identified the +1 crystal plate armour of Xeuli {rF+ Regen+ Int-2} (You acquired it on level 3 of the Realm of Zot)
 97169 | Zot:3    | Received a gift from Okawaru
 97847 | Zot:5    | Upgraded the game from 0.17-a0-1753-g75d4604 to 0.17-a0-1760-ga6756ae
 97883 | Zot:5    | Reached skill level 22 in Dodging
 98328 | Zot:5    | Noticed an ancient lich
 98337 | Zot:5    | Killed an ancient lich
 98390 | Zot:5    | Noticed an ancient lich
 98397 | Zot:5    | Killed an ancient lich
 98515 | Zot:5    | Noticed an orb of fire
 98524 | Zot:5    | Gained mutation: Your body sometimes deteriorates upon taking damage. [an orb of fire]
 98534 | Zot:5    | Noticed an orb of fire
 98535 | Zot:5    | Killed an orb of fire
 98536 | Zot:5    | Gained mutation: Potions and wands are less effective at restoring your health. [an orb of fire]
 98543 | Zot:5    | Killed an orb of fire
 98800 | Zot:5    | Noticed an ancient lich
 98810 | Zot:5    | Killed an ancient lich
 98816 | Zot:5    | Received a gift from Okawaru
 98869 | Zot:5    | Received a gift from Okawaru
 98903 | Zot:5    | Noticed an orb of fire
 99021 | Zot:5    | Noticed an ancient lich
 99030 | Zot:5    | Noticed an orb of fire
 99031 | Zot:5    | Killed an ancient lich
 99031 | Zot:5    | Received a gift from Okawaru
 99057 | Zot:5    | Killed an orb of fire
 99198 | Zot:5    | Noticed an ancient lich
 99205 | Zot:5    | Killed an ancient lich
 99314 | Zot:5    | Killed an orb of fire
 99475 | Zot:5    | Noticed an orb of fire
 99493 | Zot:5    | Killed an orb of fire
 99509 | Zot:5    | Killed an orb of fire
 99531 | Zot:5    | Noticed an orb of fire
 99541 | Zot:5    | Gained mutation: Potions and wands are poor at restoring your health. [an orb of fire]
 99544 | Zot:5    | Gained mutation: Your body often deteriorates upon taking damage. [an orb of fire]
 99547 | Zot:5    | Killed an orb of fire
100222 | Zot:5    | Reached skill level 23 in Dodging
100240 | Zot:5    | Received a gift from Okawaru
100286 | Zot:5    | Received a gift from Okawaru
100287 | Zot:5    | Got a faintly glowing robe {god gift}
100288 | Zot:5    | Identified the +2 robe "Xamoqeofah" {rF+} (Okawaru gifted it to you on level 5 of the Realm of Zot)
100373 | Zot:5    | Got the Orb of Zot
100889 | D:6      | Found a sparkling altar of Nemelex Xobeh.
100889 | D:6      | Found a bloodstained altar of Trog.
100889 | D:6      | Found a glowing silver altar of Zin.
100889 | D:6      | Found a radiant altar of Vehumet.
101128 | D:1      | Lost mutation: Potions and wands are poor at restoring your health. [potion of cure mutation]
101128 | D:1      | Lost mutation: Potions and wands are less effective at restoring your health. [potion of cure mutation]
101128 | D:1      | Lost mutation: Your spells are a little harder to cast, but a little more powerful. [potion of cure mutation]
101128 | D:1      | Lost mutation: Your body often deteriorates upon taking damage. [potion of cure mutation]
101129 | D:1      | Lost mutation: Your body sometimes deteriorates upon taking damage. [potion of cure mutation]
101156 | D:$      | Escaped with the Orb!

Vault maps used:
D:1:      onia_arrival_mini_spirals
D:2:      kennysheep_goblin_castle, lemuel_round_altar, minmay_statues_item,
          uniq_jessica
D:3:      uniq_sigmund, uniq_iyjb
D:4:      first_bread, serial_bayou_ford_a, nicolae_qazlal_general_emergency
D:6:      nicolae_overflow_hidden_temple, gammafunk_temple_overflow_elements,
          serial_shops, kennysheep_little_box
D:7:      minmay_temple_entry_from_below_a
D:8:      lair_0_dummy, basic_altar, kennysheep_small_circle, uniq_erolcha
D:9:      david_orc_5
D:11:     serial_shops, shop, nicolae_shop_behind_doors, shop,
          nicolae_shop_waterfront, nicolae_shop_statue_plus
D:12:     serial_undead, serial_undead_c, serial_undead_a, serial_undead_d,
          serial_undead_d, the_bakery, nicolae_elemental_shop
D:13:     hangedman_vaults_entry_quadrant_bands, grunt_decor_mini_mirrors,
          uniq_azrael
D:14:     columned_hall_lemuel, serial_shops, shop,
          nicolae_looking_at_the_future
D:15:     grunt_enter_depths_magical_seal, makhleb_altar_promises_db,
          uniq_louise
Temple:   eino_temple_water_12
Lair:1:   bh_autumn_forest_stairs, uniq_gastronok, uniq_joseph
Lair:2:   nicolae_quartered_pool_little
Lair:3:   minmay_snake_entry_six_corridors, enter_volcano_3, minmay_hedge_maze,
          pond, grunt_megastairs_2, lemuel_fruit_tree
Lair:4:   uniq_harold
Lair:5:   serial_forest, infiniplex_forest_straight_4,
          infiniplex_forest_lined_room_2, infiniplex_forest_clump_diagonal,
          infiniplex_forest_clump_large, infiniplex_forest_zigzag_1,
          infiniplex_forest_straight_2, infiniplex_forest_straight_2,
          infiniplex_forest_clump_double
Lair:6:   nicolae_swamp_entry_splash_gauntlet
Lair:7:   wad_woods_stonehenge, slime_altar_1, serial_bayou,
          serial_bayou_pond_d, serial_bayou_pond_e, serial_bayou_shore_a,
          serial_bayou_pond_e
Lair:8:   minmay_lair_end_frog_pond, basic_altar, uniq_maud
Swamp:1:  evilmike_swamp_ruin_rubble_2, swamp_pool2, st_swamp_ruins_4,
          uniq_donald, uniq_kirke, uniq_nikola
Swamp:2:  evilmike_swamp_ruin_house_4, swamp_pool1
Swamp:3:  nicolae_swamp_round_clearing, swamp_pool2, infiniplex_staircase_pool
Swamp:4:  grunt_swamp_rune_castle
Snake:1:  portal_ice_cave_entry_ice_beasts, serial_bayou_pond_d
Snake:2:  uniq_vashnia
Snake:3:  special_room
Snake:4:  minmay_snake_end_coiled, basic_altar, grunt_ministairs_2,
          basic_stair_grate_trap
Orc:1:    abandoned_shop, library_closet
Orc:3:    nicolae_orc_pool_cavern
Orc:4:    grunt_orc_cross
Elf:1:    eino_elf_arrival_shootout, minmay_elf_annihilation
Elf:3:    nooodl_elf_gasket, basic_altar, serial_shops, nicolae_shop_waterfront,
          nicolae_shop_waterfront, nicolae_shop_scaring_up_business,
          nicolae_shop_overgrown_old_shop, nicolae_shop_statue_plus,
          nicolae_rare_books, uniq_saint_roka
Vaults:1: nicolae_vaults_border_crossing, v_misc_15, hangedman_vaults_trim,
          nicolae_vaults_big_angled_halls, v_misc_5, vaults_room_fours,
          ontoclasm_vaults_loading_screen, nicolae_vaults_sealed_display,
          vaults_dpeg_ring
Vaults:2: v_misc_17, nicolae_vaults_twisting_passages, ontoclasm_vaults_spin,
          nicolae_vaults_mini_display_case, nicolae_vaults_angled_halls,
          nicolae_vaults_windows_and_doors_thing,
          vaults_standard_mumra_enter_the_diamond, v_rooms_4, dpeg_vaults_waves,
          nicolae_vaults_angled_halls, vaults_mumra_lcd, serial_shops,
          nicolae_shop_trees, uniq_jorgrun, uniq_asterion
Vaults:3: minmay_crypt_entry_simple_walls, nicolae_vaults_little_squares_2,
          vaults_mumra_chevron_long, nicolae_vaults_triangles,
          nicolae_vaults_puzzle_piece, vaults_room_pools
Vaults:4: dpeg_vaults_monster_box, vaults_standard_mumra_lines, v_pattern_1,
          nicolae_vaults_ninety_degrees, nicolae_vaults_little_squares_5,
          v_misc_10, v_misc_24, v_rooms_6, vaults_dpeg_cross,
          ontoclasm_vaults_shuriken, grunt_vaults_hallway_short,
          ontoclasm_vaults_ring_square, ontoclasm_vaults_fault
Crypt:1:  uniq_boris
Crypt:2:  nicolae_crypt_twisting_catacombs
Crypt:3:  church_of_pain_bobbens, nicolae_tomb_entry_grand_gallery
Depths:1: enter_ziggurat_e, hangedman_abyss_or_decor_lesser_grid,
          grunt_hell_entry_dis_old, kennysheep_generic_room_11, uniq_sojobo
Depths:2: minmay_octagon_city, pf_coc_iceberg, enter_trove_3,
          infiniplex_staircase_zigzag_5, kilobyte_mutagenic_chamber
Depths:3: minmay_octo_star, mu_enter_wizlab_2, hell_entry, minmay_fountain_box,
          rand_demon_pan_entry_4, infiniplex_staircase_river, uniq_jory,
          uniq_mara, uniq_enchantress
Depths:4: grunt_twist_and_shout, roderic_serpentine_path,
          hangedman_abyss_entry_splay, lightli_too_deep,
          serial_sigils_hangedman_scratch
Depths:5: evilmike_zot_entry_gauntlet, hell_entry, abyss_entry,
          corexii_hall_statues_t
Zot:1:    lemuel_draconian_sentries
Zot:2:    grunt_megastairs_3
Zot:3:    minmay_elemental_castle, st_stairs_8, hangedman_zot_diagonal_lockstep
Zot:4:    hangedman_orp_of_zott
Zig:7:    ziggurat_pillar_centre_smoke
IceCv:    ice_cave_small_demon
WizLab:   wizlab_iskenderun

Action                   |  1- 3 |  4- 6 |  7- 9 | 10-12 | 13-15 | 16-18 | 19-21 | 22-24 | 25-27 || total
-------------------------+-------+-------+-------+-------+-------+-------+-------+-------+-------++-------
Melee: Spear             |   124 |    16 |       |       |       |       |       |       |       ||   140
       Short sword       |       |   100 |   112 |       |       |       |       |       |       ||   212
       Hand axe          |       |       |   185 |   323 |   909 |   147 |    22 |     8 |     2 ||  1596
       Hand crossbow     |       |       |       |       |     1 |       |       |       |       ||     1
       Arbalest          |       |       |       |       |     2 |     1 |     1 |       |     2 ||     6
       Falchion          |       |       |       |       |       |       |    33 |    19 |    19 ||    71
 Fire: Hand crossbow     |       |       |       |       |    17 |       |       |       |       ||    17
       Arbalest          |       |       |       |       |   300 |   659 |  1105 |  1053 |  2179 ||  5296
 Cast: Summon Small Mamm |     5 |       |       |       |       |       |       |       |       ||     5
       Call Canine Famil |     1 |     9 |    15 |    44 |    64 |     8 |     5 |     2 |     4 ||   152
       Call Imp          |     1 |     8 |    12 |    65 |   100 |     1 |       |       |       ||   187
       Summon Guardian G |       |       |     2 |    26 |    92 |    21 |    55 |    55 |    32 ||   283
       Summon Lightning  |       |       |       |     3 |   109 |    40 |     7 |       |       ||   159
       Summon Ice Beast  |       |       |       |       |   173 |     8 |       |       |       ||   181
       Passage of Golubr |       |       |       |       |     5 |     8 |     4 |     2 |    44 ||    63
       Monstrous Menager |       |       |       |       |    16 |   198 |   138 |    49 |    62 ||   463
       Portal Projectile |       |       |       |       |    35 |    28 |    49 |    23 |    10 ||   145
       Aura of Abjuratio |       |       |       |       |       |    10 |     3 |     6 |    30 ||    49
       Summon Hydra      |       |       |       |       |       |    16 |   133 |   106 |    91 ||   346
       Summon Mana Viper |       |       |       |       |       |       |     4 |     3 |     4 ||    11
       Summon Forest     |       |       |       |       |       |       |     2 |       |    17 ||    19
       Malign Gateway    |       |       |       |       |       |       |       |    45 |   159 ||   204
       Summon Horrible T |       |       |       |       |       |       |       |       |    39 ||    39
Invok: Heroism           |       |       |       |       |       |       |       |     1 |       ||     1
 Abil: Stop Flying       |       |       |       |       |       |       |     1 |       |       ||     1
       Evoke Flight      |       |       |       |       |       |       |       |       |     1 ||     1
Evoke: Wand              |       |       |       |     4 |    12 |     9 |     5 |    14 |    47 ||    91
  Use: Scroll            |     6 |     3 |     7 |     6 |    23 |    21 |    15 |    15 |    39 ||   135
       Potion            |       |     6 |     3 |     6 |    10 |     8 |     1 |     1 |    11 ||    46
 Stab: Sleeping          |    11 |     8 |    20 |    20 |    18 |       |       |       |       ||    77
       Distracted        |       |     1 |     5 |     2 |    28 |     2 |     2 |       |       ||    40
       Confused          |       |       |       |       |       |       |       |       |     1 ||     1
  Eat: Chunk             |     8 |     9 |    17 |    31 |   117 |    91 |   126 |   118 |   138 ||   655
       Pizza             |       |       |       |       |     2 |     2 |     2 |       |     2 ||     8
       Royal jelly       |       |       |       |       |       |     4 |     1 |       |     1 ||     6
       Meat ration       |       |       |       |       |       |     4 |     5 |       |    11 ||    20
       Beef jerky        |       |       |       |       |       |     2 |       |       |     1 ||     3
